 Dungeon Crawl Stone Soup version 0.30-a0-210-g01b79a254e (webtiles) character file.

Game seed: 12007569961001624091

47 wasabiaddict the Covered (level 3, -1/29 HPs)
             Began as a Human Fighter on Oct 4, 2022.
             Slain by a gnoll
             ... wielding a +0 whip
              (8 damage)
             ... on level 2 of the Dungeon.
             The game lasted 00:25:36 (2243 turns).

wasabiaddict the Covered (Human Fighter)            Turns: 2243, Time: 00:25:37

Health: -1/29      AC:  6    Str: 18    XL:     3   Next: 97%
Magic:  3/3        EV:  9    Int:  8    God:
Gold:   95         SH:  4    Dex: 12    Spells: 2/2 levels left

rFire   . . .      SeeInvis .    a - +0 long sword
rCold   . . .      Faith    .    c - +0 buckler
rNeg    . . .      Spirit   .    b - +0 scale mail
rPois   .          Reflect  .    (no helmet)
rElec   .          Harm     .    (no cloak)
rCorr   .          Rampage  .    (no gloves)
Will    .....                    (no boots)
Stlth   ..........               o - amulet of regeneration
HPRegen 1.04/turn                (no ring)
MPRegen 0.08/turn                (no ring)

@: no status effects
A: no striking features
a: no special abilities


You were on level 2 of the Dungeon.
You visited 1 branch of the dungeon, and saw 2 of its levels.

You collected 95 gold pieces.

Inventory:

Hand Weapons
 a - a +0 long sword (weapon)
 e - a +0 club
 i - a +0 dagger
 j - a +0 mace
 k - a +0 whip
 l - a +0 dagger
 q - a +0 short sword
 s - a +0 sling
 t - a +0 dagger
 v - a +0 mace
 x - a +0 club
 y - a +0 club
 C - a +0 spear
Missiles
 f - 7 poisoned darts (quivered)
 m - 18 stones
 z - 4 curare-tipped darts
Armour
 b - a +0 scale mail (worn)
 c - a +0 buckler (worn)
 n - a +0 ring mail
Jewellery
 o - an amulet of regeneration (around neck)
 B - a ring of see invisible
Scrolls
 g - 4 scrolls of identify
 h - 2 scrolls of noise
 r - a scroll of acquirement
Potions
 d - a potion of might
 p - a potion of lignification {unknown}
 w - a potion of curing {unknown}
 A - a potion of degeneration {unknown}
 D - a potion of flight


   Skills:
 + Level 3.3 Fighting
 * Level 2.7 Long Blades
 * Level 3.4 Armour
 * Level 1.0 Stealth
 + Level 3.1 Shields


You had 2 spell levels left.
You didn't know any spells.
Your spell library contained the following spells:

 Spells                   Type           Power      Damage    Failure   Level
 Portal Projectile        Hex/Tloc       0%         N/A       99%         3
 Tukima's Dance           Hex            0%         N/A       99%         3
 Blade Hands              Tmut           0%         N/A       100%        5


Dungeon Overview and Level Annotations

Branches:
Dungeon (2/15)

Altars:


Message History

You block the gnoll's attack. The gnoll closely misses you. x2
The gnoll hits you with a +0 club.
You hit the gnoll but do no damage.
The gnoll is almost dead.
The gnoll hits you but does no damage. The gnoll misses you.
You completely miss the gnoll.
The gnoll is almost dead.
You block the gnoll's attack.
The gnoll hits you from afar with a +0 halberd.
You hit the gnoll.
The gnoll is almost dead.
You block the gnoll's attack. The gnoll misses you.
The gnoll hits you but does no damage. x2
You hit the gnoll.
You kill the gnoll!
The gnoll barely misses you.
Your Stealth skill increases to level 1!
A gnoll comes into view. It is wielding a +0 whip.
The gnoll shouts!
You hear a shout!
The gnoll barely misses you.
Things that are here:
a +0 club; a gnoll corpse You hit the gnoll.
The gnoll is lightly wounded.
The gnoll hits you with a +0 halberd. The gnoll attacks as you move away!
The gnoll hits you with a +0 halberd!
A gnoll comes into view. It is wielding a +0 spear.
The gnoll completely misses you.
You hit the gnoll but do no damage. The gnoll barely misses you.
The gnoll hits you from afar with a +0 halberd!
* * * LOW HITPOINT WARNING * * *
The gnoll hits you but does no damage. The gnoll barely misses you.
The gnoll hits you but does no damage.
The gnoll hits you from afar with a +0 spear.
* * * LOW HITPOINT WARNING * * *
This is a scroll of acquirement!
As you read the scroll labelled UKLUFF UNOAM, it crumbles to dust.
It is a scroll of amnesia.
You feel forgetful for a moment. The gnoll hits you with a +0 whip!
You die...

# ##...## ## ##+##
### .# #.###### #..
# ##
##.##...##.###.##.#
#
#.....#.##........#
##...#...# #g#
#.....#.## #g#
##...##.#######g#
####..###.......@.#
.....## ###########
######


You could see 3 gnolls.

Vanquished Creatures
  A gnoll (D:2)
  An adder (D:2)
  A worm (D:2)
  3 ball pythons
  A bat (D:2)
  2 endoplasms (D:1)
  A giant cockroach (D:2)
  4 goblins
  2 hobgoblins
  A kobold (D:1)
  2 quokkas
  2 frilled lizards
  4 rats (D:1)
25 creatures vanquished.

Vanquished Creatures (others)
  5 plants (D:2)
  8 withered plants (D:2)
13 creatures vanquished.

Grand Total: 38 creatures vanquished

Notes
Turn   | Place    | Note
-------+----------+-------------------------------------------
     0 | D:1      | wasabiaddict the Human Fighter began the quest for the Orb.
     0 | D:1      | Reached XP level 1. HP: 18/18 MP: 1/1
   385 | D:1      | Reached XP level 2. HP: 24/24 MP: 2/2
  1175 | D:2      | Reached XP level 3. HP: 29/29 MP: 3/3
  1826 | D:2      | Found a faded altar of an unknown god.
  2236 | D:2      | Reached skill level 1 in Stealth
  2243 | D:2      | Identified a scroll of acquirement
  2243 | D:2      | Slain by a gnoll

Illustrated notes

Levels and vault maps discovered:
D:1:      amcnicky_arrival_single_pillar, layout_basic
D:2:      layout_loops_corners, shapermc_ecumenical_altar_flowoftime,
          minmay_misc_feat_rows, kennysheep_small_spiral, nrook_campfire

Skill      XL: |  1  2  3 |
---------------+----------+-----
Stealth        | 1 |  1.0
Fighting       | |  3.3
Long Blades    | |  2.7
Armour         | |  3.4
Shields        | |  3.1

Action                   || total
-------------------------++-------
Melee: Long sword        ||   154
  Use: Potion            ||     2
       Scroll            ||     4
Armor: Scale mail        ||    63
Dodge: Dodged            ||    57
Block: Buckler           ||    29

Table legend: (Time is in decaauts)
 A = Elapsed time spent in this place.
 B = Non-inter-level travel time spent in this place.
 C = Inter-level travel time spent in this place.
 D = Time resting spent in this place.
 E = Time spent auto-exploring this place.
 F = Levels seen in this place.
 G = Mean time per level.
                   A        B        C        D        E       F      G
               +--------+--------+--------+--------+--------+-----+--------+
         Total |   2293 |   2281 |     12 |     59 |    408 |   2 | 1146.5 |
       Dungeon |   2293 |   2281 |     12 |     59 |    408 |   2 | 1146.5 |
               +--------+--------+--------+--------+--------+-----+--------+

Top non-repeatable levels by time:
     D:2: 1177 daAuts
     D:1: 1116 daAuts
